 Dungeon Crawl Stone Soup version 0.20.0-15-g7f486f2 (webtiles) character file.

58 QuCean the Gusty (level 3, -5/26 HPs)
             Began as a Draconian Air Elementalist on June 14, 2017.
             Slain by a worm (6 damage)
             ... on level 2 of the Dungeon.
             The game lasted 00:07:43 (1937 turns).

QuCean the Gusty (Draconian Air Elementalist)       Turns: 1937, Time: 00:07:43

Health: -5/26      AC:  5    Str: 10    XL:     3   Next: 75%
Magic:  0/6        EV: 12    Int: 16    God:
Gold:   53         SH:  0    Dex: 11    Spells: 5/6 levels left

rFire    . . .     SeeInvis .   (no weapon)
rCold    . . .     Gourm    .   (no shield)
rNeg     . . .     Faith    .   (armour unavailable)
rPois    .         Spirit   .   (helmet restricted)
rElec    .         Reflect  .   (no cloak)
rCorr    .         Harm     .   (no gloves)
MR       .....                  (no boots)
Stlth    ++........             (no amulet)
Regen    0.1/turn               (no ring)
MPRegen  0.1/turn               (no ring)

@: lethally poisoned (-5 -> -8)
A: unfitting armour, cold-blooded, AC +5
a: no special abilities


You were on level 2 of the Dungeon.
You were not hungry.

You visited 1 branch of the dungeon, and saw 2 of its levels.

You collected 53 gold pieces.

Inventory:

Wands
 c - a wand of lightning (9/15)
Scrolls
 g - a scroll of fog {unknown}
 h - a scroll of teleportation {unknown}
Potions
 d - a potion of heal wounds
 e - a potion of curing {unknown}
Books
 a - a book of Air

   Spells                             Type                      Level
   a - Shock                          Conjuration/Air              1
   b - Swiftness                      Charms/Air                   2
   c - Static Discharge               Conjuration/Air              3
   d - Airstrike                      Air                          4
   e - Lightning Bolt                 Conjuration/Air              5
Comestibles
 b - a chunk of flesh
 f - 6 fruits
 i - a meat ration


   Skills:
 + Level 2.0 Dodging
 + Level 2.0 Stealth
 + Level 0.2 Unarmed Combat
 + Level 2.4 Spellcasting
 + Level 2.0 Conjurations
 + Level 3.7 Air Magic


You had 5 spell levels left.
You knew the following spells:

 Your Spells              Type           Power        Failure   Level  Hunger
a - Shock                 Conj/Air       ##..         6%          1    #......


Dungeon Overview and Level Annotations

Branches:
Dungeon (2/15)

Altars:


Innate Abilities, Weirdness & Mutations

Your plain brown scales are hard. (AC +5)
You cannot fit into any form of body armour.
You are cold-blooded and may be slowed by cold attacks.


Message History

You barely miss the adder.
The adder is heavily wounded.
The adder closely misses you.
You closely miss the adder.
The adder is heavily wounded.
The adder barely misses you. The worm bites you.
* * * LOW HITPOINT WARNING * * *
The adder completely misses you.
You closely miss the adder.
The adder is heavily wounded.
* * * LOW HITPOINT WARNING * * *
You feel sick. The adder barely misses you.
The worm bites you but does no damage.
You miss the adder.
The adder is heavily wounded.
The adder completely misses you.
You hit the adder.
Your tail-slap misses the adder.
The adder is heavily wounded.
The adder closely misses you. The worm bites you.
You die...

*,**,**,* *.......,,.........#,,
*,**,**,***,#....###*#....##.#**
*,,,,,,,,,,,#......# #....##.#
**,,,**,,,,,#(#..#.# #....##.# #
*,,,******,#.#..#.###....##.###
*,,,**####.#>.......w...w......
*,,,,,.......$..#####....##.###
****,,,,.....#.#w##***####.##.# #
,,,,,,,,.......#@#*,,,,,,#.######
,***,,**##*###.#S#*,***,*#.#,,,,.
,*,,,,,,,,,* #.#.#*,* *,*#.##.**#
,*,*,*****,**#.#.#*,* *,*#.##.* #
,,,,,,,,,,,,,#.#.#*,***,*#.##.###
**,*,,,,,,,,,#....,,,,,,,,,,.....
**+*,,,,,,,,,*##.#.,,,,,,,,*#.###
,,,,,,,,,,,,,* #....,,,..####.###
,,,,*,,,,,,,,* ###*.#**..........


You could see a worm and an adder.

Vanquished Creatures
  An adder (D:2)
  An ooze (D:1)
  3 leopard geckos (D:1)
  A giant cockroach (D:2)
  6 goblins
  2 hobgoblins
  8 jackals (D:1)
  A ball python (D:1)
  7 bats
  3 frilled lizards
  6 rats
39 creatures vanquished.

Notes
Turn   | Place    | Note
-------+----------+-------------------------------------------
     0 | D:1      | QuCean the Draconian Air Elementalist began the quest for the Orb.
     0 | D:1      | Reached XP level 1. HP: 14/14 MP: 3/3
   266 | D:1      | Reached XP level 2. HP: 20/20 MP: 3/5
   920 | D:1      | Reached XP level 3. HP: 10/26 MP: 0/6
  1935 | D:2      | HP: 1/26 [poisoned by an adder]
  1937 | D:2      | Slain by a worm

Skill      XL: |  1  2  3 |
---------------+----------+-----
Stealth        | 2 |  2.0
Dodging        | 2 |  2.0
Conjurations   | 2 |  2.0
Unarmed Combat | |  0.2
Spellcasting   | |  2.4
Air Magic      | |  3.7

Action                   || total
-------------------------++-------
Melee: Unarmed           ||    47
       Tailslap          ||     4
 Cast: Shock             ||    71
  Use: Scroll            ||     3
 Stab: Sleeping          ||     1
  Eat: Bread ration      ||     1
       Chunk             ||     1
Armor: Skin              ||    28
Dodge: Dodged            ||    64
